[Event "Titled Tuesday Blitz June 22 2021"]
[White "Martinez Alcantara, Jose Eduardo"]
[Black "Gorovets, Andrey"]
[WhiteFideId "3805662"]
[BlackFideId "13504037"]
[WhiteElo "2690"]
[BlackElo "2462"]
[Result "1/2-1/2"]
[Round "02"]
[TimeControl "180+1"]
[Date "2021.06.22"]
[WhiteClock "0:00:01"]
[BlackClock "0:00:12"]

1. e4 c5 2. Nf3 Nc6 3. Bc4 e6 4. d3 a6 5. Nc3 b5 6. Bb3 Bb7 7. a3 Nf6 8. O-O d6 9. Ne2 c4 10. Ba2 Be7 11. Ng3 Na5 12. Re1 O-O 13. Bd2 Rc8 14. Bc3 d5 15. e5 Nd7 16. d4 Nc6 17. Bd2 a5 18. c3 b4 19. Bb1 b3 20. h3 Rc7 21. Nh5 Bc8 22. Qe2 Re8 23. Nh2 f5 24. exf6 Nxf6 25. f4 Bf8 26. Ng3 Ne7 27. Nf3 Nf5 28. Qf2 Nxg3 29. Qxg3 Ree7 30. Qh4 Qe8 31. g4 Bb7 32. Be3 Rc8 33. Ne5 Rec7 34. g5 Ne4 35. Bxe4 dxe4 36. Rf1 Bd6 37. f5 Bxe5 38. dxe5 exf5 39. Rxf5 Rf7 40. Raf1 Rxf5 41. Rxf5 Qd7 42. Qf2 Qe6 43. h4 Bc6 44. Bc5 h6 45. gxh6 Qxh6 46. Be3 Qe6 47. Rg5 Rf8 48. Qg2 Rf7 49. Rg6 Qd5 50. e6 Re7 51. Kh2 Qe5+ 52. Kg1 Rxe6 53. Rg5 Qc7 54. Qg4 Re7 55. Bf4 Qd7 56. Qxd7 Rxd7 57. Be5 e3 58. Bd4 e2 59. Kf2 Re7 60. Be5 Bf3 61. h5 Kh7 62. Ke1 Rd7 63. Bd4 Rf7 64. Be3 a4 65. Bd2 Re7 66. Rf5 Bg4 67. Rg5 Bf3 68. Rf5 Bg4 69. Rg5 Bd7 70. Bf4 Bc6 71. Be5 Bf3 72. Bf4 Rf7 73. Be3 Re7 74. Bd4 Rf7 75. Be3 Re7 76. Bd4 Rf7 77. Be3 1/2-1/2


[Site "https://www.chess.com"]

[Event "Titled Tuesday Blitz June 22 2021"]
[White "Mezentsev, Ivan"]
[Black "Perez Ponsa, Federico"]
[WhiteFideId "13706195"]
[BlackFideId "117927"]
[WhiteElo "2295"]
[BlackElo "2672"]
[Result "0-1"]
[Round "02"]
[TimeControl "180+1"]
[Date "2021.06.22"]
[WhiteClock "0:00:00"]
[BlackClock "0:00:02"]

1. d4 Nf6 2. Nf3 d5 3. Bf4 c5 4. e3 Nc6 5. Nbd2 cxd4 6. exd4 Bf5 7. c3 e6 8. Be2 Bd6 9. Bg3 h6 10. O-O O-O 11. Re1 Rb8 12. a4 a6 13. b4 Rc8 14. a5 Bxg3 15. hxg3 Ne8 16. Nb3 Nd6 17. Nc5 Rc7 18. Bd3 Qf6 19. Ne5 Rd8 20. Re3 Bxd3 21. Qxd3 Qf5 22. Nxc6 Qxd3 23. Rxd3 Rxc6 24. f3 Nc4 25. g4 Rc7 26. Kf2 Kf8 27. Re1 Re8 28. Re2 Rce7 29. Rd1 f6 30. Rde1 Kf7 31. Rd1 Nd6 32. Rde1 Nb5 33. Re3 Nd6 34. R3e2 Nc4 35. Rd1 Rd8 36. Rde1 Rd6 37. Rd1 e5 38. Kg3 Kg6 39. Kf2 h5 40. gxh5+ Kxh5 41. g4+ Kg6 42. Kg3 Rd8 43. Rde1 Kf7 44. dxe5 fxe5 45. f4 e4 46. f5 Ne5 47. Ne6 Rc8 48. Nc5 Nf3 49. Rd1 Re5 50. Kf4 g5+ 51. Kg3 Rh8 52. c4 Kf6 53. Rxd5 Rxd5 54. Nxe4+ Ke5 55. Nxg5+ Kd6 0-1


[Site "https://www.chess.com"]

[Event "Titled Tuesday Blitz June 22 2021"]
[White "Nakamura, Hikaru"]
[Black "Avila Pavas, Santiago"]
[WhiteFideId "2016192"]
[BlackFideId "4437128"]
[WhiteElo "2900"]
[BlackElo "2244"]
[Result "1-0"]
[Round "02"]
[TimeControl "180+1"]
[Date "2021.06.22"]
[WhiteClock "0:00:52"]
[BlackClock "0:00:02"]

1. Nf3 Nf6 2. b3 g6 3. Bb2 Bg7 4. d4 O-O 5. e3 Ne4 6. Bd3 d5 7. c4 c5 8. cxd5 Qxd5 9. Qc2 Bf5 10. Bc4 Qd7 11. Bd3 Qd5 12. Bc4 Qd7 13. Qe2 Nc6 14. d5 Na5 15. Bxg7 Kxg7 16. O-O Nxc4 17. bxc4 Nd6 18. Nc3 Bg4 19. Kh1 Bxf3 20. gxf3 b6 21. a4 Qh3 22. Rg1 h5 23. f4 Qh4 24. Rg5 f6 25. Rg2 Kh7 26. Rag1 Rg8 27. Qf3 Nxc4 28. Rg3 f5 29. Rg5 Nd6 30. R1g3 Nf7 31. Ne2 Nxg5 32. Rxg5 Rad8 33. Ng1 e6 34. dxe6 Rd2 35. Kg2 Re8 36. Nh3 Rxe6 37. Qb7+ Kh6 38. Qf7 Rdd6 39. Qg8 Re7 40. Qh8+ Rh7 41. Qf8+ Rg7 42. Qxd6 a6 43. Ng1 c4 44. Nf3 1-0


[Site "https://www.chess.com"]

[Event "Titled Tuesday Blitz June 22 2021"]
[White "Potapova, Margarita"]
[Black "Le, Tuan Minh"]
[WhiteFideId "14126869"]
[BlackFideId "12401153"]
[WhiteElo "2229"]
[BlackElo "2450"]
[Result "0-1"]
[Round "02"]
[TimeControl "180+1"]
[Date "2021.06.22"]
[WhiteClock "0:00:02"]
[BlackClock "0:00:07"]

1. d4 d5 2. c4 c6 3. Nf3 Nf6 4. g3 Bg4 5. Ne5 Bf5 6. Qb3 Qb6 7. cxd5 cxd5 8. Qxb6 axb6 9. Nc3 Nc6 10. e3 Bd7 11. f3 e6 12. Nb5 Rc8 13. Bd2 h5 14. a3 Na5 15. Bxa5 bxa5 16. Kd2 g6 17. Bd3 Ke7 18. Rac1 Bh6 19. Na7 Ra8 20. Nb5 Rhc8 21. h3 Ne8 22. g4 h4 23. f4 Bxb5 24. Bxb5 Nd6 25. Bd3 g5 26. Rhf1 Rxc1 27. Kxc1 Rc8+ 28. Kd2 b5 29. f5 f6 30. fxe6 fxe5 31. dxe5 Ne8 32. Rf7+ Kxe6 33. Rh7 Kxe5 34. Rxh6 d4 35. exd4+ Kf4 36. d5 Kg3 37. Bf1 Rd8 38. Ke3 Nc7 39. Re6 Nxe6 40. dxe6 Re8 41. Kd4 Rxe6 42. Kc5 b4 43. a4 Re1 44. Bc4 Kxh3 45. Kb5 Re5+ 0-1


[Site "https://www.chess.com"]

[Event "Titled Tuesday Blitz June 22 2021"]
[White "Sjugirov, Sanan"]
[Black "Stribuk, Artiom"]
[WhiteFideId "4189302"]
[BlackFideId "13515659"]
[WhiteElo "2472"]
[BlackElo "2177"]
[Result "1-0"]
[Round "02"]
[TimeControl "180+1"]
[Date "2021.06.22"]
[WhiteClock "0:00:17"]
[BlackClock "0:00:01"]

1. e4 c5 2. Nf3 Nc6 3. Bb5 g6 4. Bxc6 dxc6 5. d3 Bg7 6. O-O Nf6 7. h3 O-O 8. a4 a5 9. Be3 b6 10. Qc1 Nd7 11. Bh6 e5 12. Na3 Qe7 13. Bxg7 Kxg7 14. Nc4 Ba6 15. b3 Rab8 16. Ne3 f5 17. exf5 gxf5 18. Re1 Kh8 19. Qb2 Qg7 20. Nh4 Qg5 21. Nf3 Qg7 22. Kh1 Rbe8 23. Rad1 Qf6 24. Qc1 Rg8 25. Nf1 Rg7 26. Ng3 Rg6 27. Qa1 Bc8 28. Re2 Qf8 29. Nxe5 Nxe5 30. Rxe5 Rxe5 31. Qxe5+ Qf6 32. Qf4 Rg8 33. Re1 Qc3 34. Re7 Qf6 35. Rc7 Be6 36. c4 Bf7 37. Kh2 Bg6 38. Rd7 Re8 39. Rd6 Qc3 40. Qh6 Qe5 41. Rxg6 f4 42. Ne4 f3+ 43. g3 Qa1 44. Rf6 Qf1 45. Rf8+ Rxf8 46. Qxf8# 1-0


[Site "https://www.chess.com"]

[Event "Titled Tuesday Blitz June 22 2021"]
[White "Skliarov, Viktor"]
[Black "Jones, Gawain C B"]
[WhiteFideId "14106736"]
[BlackFideId "409561"]
[WhiteElo "2344"]
[BlackElo "2657"]
[Result "0-1"]
[Round "02"]
[TimeControl "180+1"]
[Date "2021.06.22"]
[WhiteClock "0:00:06"]
[BlackClock "0:01:28"]

1. e4 e5 2. Nc3 Nf6 3. Bc4 Nc6 4. d3 Bc5 5. a3 d6 6. h3 a6 7. Nge2 h6 8. Ng3 Be6 9. Nd5 Nb8 10. O-O c6 11. Nxf6+ Qxf6 12. Bxe6 fxe6 13. Qh5+ g6 14. Qg4 Nd7 15. Be3 h5 16. Qg5 Qxg5 17. Bxg5 Rf8 18. Be3 a5 19. Bxc5 Nxc5 20. b4 Na4 21. Ne2 g5 22. Rfb1 Kd7 23. b5 Kc7 24. bxc6 bxc6 25. Kf1 Rf7 26. Kg1 g4 27. h4 Raf8 28. Rf1 d5 29. Rab1 Kd6 30. Rb3 Nc5 31. Rb6 Kc7 32. Rb2 dxe4 33. d4 exd4 34. Nxd4 e3 35. f3 e5 36. Nb3 gxf3 37. Nxc5 f2+ 38. Kh2 e2 39. Rfb1 e1=Q 40. Rb7+ Kd6 0-1


[Site "https://www.chess.com"]

[Event "Titled Tuesday Blitz June 22 2021"]
[White "Stoleriu, George"]
[Black "Mamedyarov, Shakhriyar"]
[WhiteFideId "1227505"]
[BlackFideId "13401319"]
[WhiteElo "2227"]
[BlackElo "2716"]
[Result "0-1"]
[Round "02"]
[TimeControl "180+1"]
[Date "2021.06.22"]
[WhiteClock "0:00:01"]
[BlackClock "0:01:37"]

1. e4 c6 2. Nf3 d5 3. exd5 cxd5 4. Ne5 Qc7 5. Bb5+ Nc6 6. d4 e6 7. O-O Bd6 8. Re1 Ne7 9. Nd2 O-O 10. Ndf3 f6 11. Nxc6 bxc6 12. Bd3 e5 13. h3 e4 14. Bxe4 dxe4 15. Rxe4 Bf5 16. Re1 Rae8 17. Bd2 Nd5 18. c4 Nf4 19. Bxf4 Bxf4 20. Qa4 Be4 21. Qb3 Rb8 22. Qc3 Bxf3 23. Qxf3 Rxb2 24. d5 cxd5 25. cxd5 Bh2+ 26. Kh1 Be5 27. Rad1 Rd8 28. Qa3 Rxf2 29. Qb3 Qc2 30. d6+ Qxb3 31. axb3 Rxd6 0-1


[Site "https://www.chess.com"]

[Event "Titled Tuesday Blitz June 22 2021"]
[White "Tari, Aryan"]
[Black "Vlassov, Nikolai"]
[WhiteFideId "1510045"]
[BlackFideId "4103360"]
[WhiteElo "2656"]
[BlackElo "2407"]
[Result "1-0"]
[Round "02"]
[TimeControl "180+1"]
[Date "2021.06.22"]
[WhiteClock "0:00:25"]
[BlackClock "0:00:34"]

1. e4 Nc6 2. Nf3 Nf6 3. e5 Nd5 4. d4 d6 5. exd6 cxd6 6. c4 Nb6 7. d5 Ne5 8. Nxe5 dxe5 9. Nc3 e6 10. Be3 exd5 11. cxd5 Bb4 12. Qb3 Bxc3+ 13. bxc3 O-O 14. c4 Bg4 15. f3 Bh5 16. Be2 e4 17. O-O exf3 18. Bxf3 Bxf3 19. Rxf3 Rc8 20. c5 Nd7 21. Rc1 Nf6 22. d6 b6 23. Bg5 Rxc5 24. Rxc5 bxc5 25. Bxf6 gxf6 26. Qd5 c4 27. h3 Qb6+ 28. Kh2 Rd8 29. Rxf6 Rd7 30. Qe5 Qd8 31. Qd4 c3 32. Qxc3 Rxd6 33. Qg3+ 1-0


[Site "https://www.chess.com"]

[Event "Titled Tuesday Blitz June 22 2021"]
[White "Terry, Renato"]
[Black "Pert, Richard G"]
[WhiteFideId "3803457"]
[BlackFideId "404748"]
[WhiteElo "2581"]
[BlackElo "2441"]
[Result "1/2-1/2"]
[Round "02"]
[TimeControl "180+1"]
[Date "2021.06.22"]
[WhiteClock "0:01:08"]
[BlackClock "0:01:52"]

1. e4 c5 2. Nf3 d6 3. Bb5+ Nd7 4. d4 cxd4 5. Qxd4 a6 6. Bxd7+ Bxd7 7. Bg5 h6 8. Bh4 Rc8 9. O-O Qc7 10. Nc3 e5 11. Qd3 g5 12. Bg3 Nf6 13. Rfd1 Be7 14. Rac1 Be6 15. a3 Rg8 16. Qe3 Ng4 17. Qe2 h5 18. Nd5 Bxd5 19. exd5 h4 20. h3 hxg3 21. hxg4 Qc4 1/2-1/2


[Site "https://www.chess.com"]

[Event "Titled Tuesday Blitz June 22 2021"]
[White "Zhigalko, Sergei"]
[Black "Peralta, Eduardo"]
[WhiteFideId "13502956"]
[BlackFideId "3700062"]
[WhiteElo "2662"]
[BlackElo "2205"]
[Result "0-1"]
[Round "02"]
[TimeControl "180+1"]
[Date "2021.06.22"]
[WhiteClock "0:00:02"]
[BlackClock "0:00:20"]

1. e4 c5 2. Nf3 Nc6 3. c3 g6 4. d4 d5 5. exd5 Qxd5 6. Na3 cxd4 7. Bc4 Qd8 8. Nb5 a6 9. Nbxd4 Nxd4 10. Nxd4 Bg7 11. O-O Nf6 12. Re1 O-O 13. Qf3 Qc7 14. Bb3 e5 15. Nc2 Bf5 16. Bg5 Rae8 17. Ne3 Be4 18. Qe2 Bc6 19. Rad1 Ne4 20. Bh4 Kh8 21. Nd5 Bxd5 22. Bxd5 Nc5 23. Qc4 b5 24. Qb4 f5 25. f3 e4 26. Bf2 Nd3 27. Rxd3 exd3 28. Rd1 Be5 29. g3 Qd6 30. Qxd6 Bxd6 31. Rxd3 Be5 32. Bc5 Rf6 33. f4 Bc7 34. Bd4 Bb6 35. Bxb6 Rxb6 36. Bb3 Re7 37. Rd8+ Kg7 38. Kf2 Rbb7 39. h3 Rbd7 40. Rg8+ Kh6 41. g4 Rd2+ 42. Kf3 Rd3+ 43. Kg2 fxg4 44. hxg4 Re2+ 45. Kf1 Rxb2 46. g5+ Kh5 47. Be6 Kh4 0-1


[Site "https://www.chess.com"]

[Event "Titled Tuesday Blitz June 22 2021"]
[White "Zubov, Alexander"]
[Black "Maltsevskaya, Aleksandra"]
[WhiteFideId "14109409"]
[BlackFideId "24174041"]
[WhiteElo "2740"]
[BlackElo "2225"]
[Result "1-0"]
[Round "02"]
[TimeControl "180+1"]
[Date "2021.06.22"]
[WhiteClock "0:00:05"]
[BlackClock "0:00:03"]

1. d4 Nf6 2. c4 b6 3. f3 Nc6 4. Nc3 e5 5. d5 Ne7 6. e4 Ng6 7. a3 Bc5 8. b4 Bd4 9. Nge2 c5 10. Nxd4 cxd4 11. Na4 d6 12. Bd3 O-O 13. O-O Bd7 14. Bg5 h6 15. Bd2 Ne8 16. Rc1 f5 17. c5 fxe4 18. Bxe4 Bf5 19. Nb2 Bxe4 20. fxe4 Rxf1+ 21. Qxf1 bxc5 22. bxc5 dxc5 23. Na4 Nd6 24. Nxc5 Qh4 25. Qf3 Rf8 26. Qg3 Qh5 27. h3 Kh7 28. Qg4 Qxg4 29. hxg4 Nf4 30. Re1 Rc8 31. Bxf4 exf4 32. Nd3 Re8 33. e5 Nc4 34. e6 g5 35. Rc1 Nb6 36. Rc5 Kg6 37. Nb4 Kf6 38. Kf2 Ke5 39. Ke2 Kd6 40. Rc6+ Ke5 41. Kd3 Nxd5 42. Rc5 Kxe6 43. Rxd5 Rc8 44. Rxd4 Rc1 45. Re4+ Kd6 46. Re2 Ra1 47. Nc2 Rd1+ 48. Rd2 Rf1 49. Ke2+ 1-0


[Site "https://www.chess.com"]

[Event "Titled Tuesday Blitz June 22 2021"]
[White "elcandado"]
[Black "Howell, David W L"]
[BlackFideId "410608"]
[WhiteElo "2602"]
[BlackElo "2643"]
[Result "0-1"]
[Round "02"]
[TimeControl "180+1"]
[Date "2021.06.22"]
[WhiteClock "0:00:14"]
[BlackClock "0:00:30"]

1. d4 d5 2. Bf4 c5 3. e3 cxd4 4. exd4 Nc6 5. c3 f6 6. Nf3 g5 7. Bg3 h5 8. h4 g4 9. Nfd2 Nh6 10. Bd3 Nf5 11. Qe2 Kf7 12. O-O Nxg3 13. fxg3 e6 14. a4 Bd6 15. Qe3 Bd7 16. Na3 a6 17. Nc2 f5 18. Rf2 Qf6 19. Nf1 Kg7 20. Re1 Rae8 21. Rfe2 Rhf8 22. Rf2 f4 23. Qd2 Qh6 24. gxf4 Bxf4 25. Qd1 Bd6 26. g3 Rxf2 27. Kxf2 e5 28. dxe5 Bc5+ 29. Kg2 Nxe5 30. Nd4 Qf6 31. Ne3 Bxd4 32. Rf1 Bxe3 33. Rxf6 Kxf6 34. Be2 Bc6 35. Kh2 d4 36. Qf1+ Nf3+ 37. Bxf3 Bxf3 38. cxd4 Bxd4 0-1


[Site "https://www.chess.com"]

[Event "Titled Tuesday Blitz June 22 2021"]
[White "Abdusattorov, Nodirbek"]
[Black "Assaubayeva, Bibisara"]
[WhiteFideId "14204118"]
[BlackFideId "13708694"]
[WhiteElo "2662"]
[BlackElo "2232"]
[Result "1-0"]
[Round "03"]
[TimeControl "180+1"]
[Date "2021.06.22"]
[WhiteClock "0:01:37"]
[BlackClock "0:00:28"]

1. e4 c5 2. Nf3 d6 3. d4 cxd4 4. Nxd4 Nf6 5. Nc3 a6 6. f3 e5 7. Nb3 Be6 8. Be3 Nbd7 9. Qd2 b5 10. O-O-O Be7 11. g4 O-O 12. g5 b4 13. gxf6 bxc3 14. Qxc3 Nxf6 15. Na5 Rc8 16. Nc6 Qd7 17. Nxe7+ Qxe7 18. Qa3 Rfd8 19. Rg1 Qc7 20. c3 Nh5 21. Rg2 d5 22. exd5 Rxd5 23. Rxd5 Bxd5 24. Rd2 Bxf3 25. Bxa6 Ra8 26. Qd6 Qxd6 27. Rxd6 g6 28. b4 Nf4 29. c4 Be2 30. Kd2 Bf1 31. Ke1 Ng2+ 32. Kxf1 Nxe3+ 33. Kf2 Nc2 34. b5 Nb4 35. c5 e4 36. c6 Nxa6 37. bxa6 Rxa6 38. Rd8+ Kg7 39. c7 Rxa2+ 40. Ke3 Rc2 41. c8=Q Rxc8 42. Rxc8 f5 43. Rc7+ 1-0


[Site "https://www.chess.com"]

[Event "Titled Tuesday Blitz June 22 2021"]
[White "Araujo Sanchez, Josue"]
[Black "Bortnyk, Olexandr"]
[WhiteFideId "6416896"]
[BlackFideId "14120828"]
[WhiteElo "2140"]
[BlackElo "2723"]
[Result "0-1"]
[Round "03"]
[TimeControl "180+1"]
[Date "2021.06.22"]
[WhiteClock "0:00:03"]
[BlackClock "0:00:08"]

1. Nf3 d6 2. d4 Nf6 3. Nc3 Bf5 4. Bg5 c6 5. Qd2 Ne4 6. Nxe4 Bxe4 7. O-O-O Qb6 8. e3 Na6 9. Bd3 Bxf3 10. gxf3 Nb4 11. a3 Nxd3+ 12. Qxd3 e6 13. Rhg1 Rc8 14. Kb1 d5 15. f4 c5 16. dxc5 Rxc5 17. Ka2 Qc6 18. e4 f6 19. Bh4 Kf7 20. f3 Rxc2 21. Kb1 Rc5 22. Bf2 Rc4 23. f5 dxe4 24. fxe4 Be7 25. e5 Rd8 26. Qb3 Rxd1+ 27. Rxd1 exf5 28. exf6 Bxf6 29. Bxa7 b5 30. Bb8 h6 31. Ka2 Kg6 32. Qg3+ Rg4 33. Qe1 Qc4+ 34. Kb1 Re4 35. Qg3+ Kh7 36. Rd2 Qf1+ 37. Ka2 Re1 38. Qc7 Ra1+ 39. Kb3 Rxa3+ 40. Kxa3 Qa1+ 41. Kb4 Qe1 42. Qc2 Be7+ 43. Kc3 Qe6 44. Kd3 Bg5 45. Kc3 b4+ 46. Kxb4 Qb6+ 47. Kc3 Bxd2+ 48. Kd3 Qxb8 49. Kxd2 Qxh2+ 50. Kc3 Qc7+ 51. Kd3 Qe7 52. Kd4 Kg6 53. Qg2+ Kf6 54. Qc6+ Qe6 55. Qc7 Qe4+ 56. Kc5 Qc2+ 57. Kb6 Qxc7+ 58. Kxc7 f4 59. b4 f3 60. b5 f2 61. b6 f1=Q 0-1


[Site "https://www.chess.com"]

[Event "Titled Tuesday Blitz June 22 2021"]
[White "Barus, Cerdas"]
[Black "Tari, Aryan"]
[WhiteFideId "7100094"]
[BlackFideId "1510045"]
[WhiteElo "2695"]
[BlackElo "2656"]
[Result "1/2-1/2"]
[Round "03"]
[TimeControl "180+1"]
[Date "2021.06.22"]
[WhiteClock "0:00:14"]
[BlackClock "0:00:07"]

1. e4 c5 2. Nf3 Nc6 3. d4 cxd4 4. Nxd4 Nf6 5. Nc3 e5 6. Ndb5 d6 7. Bg5 a6 8. Na3 b5 9. Nd5 Be7 10. Bxf6 Bxf6 11. c4 b4 12. Nc2 O-O 13. Be2 Bg5 14. O-O a5 15. Qd3 Ne7 16. Nde3 Bb7 17. Rfd1 Qb6 18. b3 Rad8 19. a3 bxa3 20. Nxa3 Bxe3 21. fxe3 f5 22. Bf3 Ng6 23. exf5 Nf4 24. c5 Qxc5 25. Qc4+ Qxc4 26. Nxc4 Nh3+ 27. gxh3 Bxf3 28. Rxd6 Rb8 29. Nxe5 Rxf5 30. Nxf3 Rxf3 31. Rd3 Rb5 32. Kg2 Rf8 33. h4 h6 34. Ra4 Rbf5 35. Rd2 Re5 36. e4 Rf4 37. Rd5 Rexe4 38. Rxe4 Rxe4 39. Rxa5 Rb4 40. Ra3 h5 41. h3 Kh7 42. Kg3 g6 43. Kg2 Kh6 44. Kg3 Kh7 45. Kg2 Kh6 46. Kg3 Kg7 47. Kg2 Kf6 48. Kg3 Kf5 49. Ra5+ Kf6 50. Ra6+ Kf5 51. Ra5+ Kf6 52. Ra6+ Kf5 53. Ra5+ 1/2-1/2


[Site "https://www.chess.com"]

[Event "Titled Tuesday Blitz June 22 2021"]
[White "Csonka, Balazs"]
[Black "Kovalev, Vladislav"]
[WhiteFideId "742910"]
[BlackFideId "13504398"]
[WhiteElo "2404"]
[BlackElo "2573"]
[Result "0-1"]
[Round "03"]
[TimeControl "180+1"]
[Date "2021.06.22"]
[WhiteClock "0:00:01"]
[BlackClock "0:00:35"]

1. d4 Nf6 2. c4 g6 3. Nc3 Bg7 4. e4 d6 5. Be2 O-O 6. Nf3 e5 7. O-O Na6 8. Be3 Ng4 9. Bg5 Qe8 10. Re1 exd4 11. Nd5 d3 12. Bxd3 f6 13. Bf4 Ne5 14. h3 c6 15. Nc3 Nc5 16. Be2 Qe7 17. Bh2 a5 18. Nd4 a4 19. f4 Nf7 20. Bf3 f5 21. Qd2 Qf6 22. Rad1 Bd7 23. e5 dxe5 24. fxe5 Qh4 25. e6 Qxd4+ 26. Qxd4 Bxd4+ 27. Rxd4 Bxe6 28. Bc7 Rfe8 29. Bb6 Nd7 30. Rxe6 Nxb6 31. Rxe8+ Rxe8 32. c5 Nc8 33. Nxa4 Ne5 34. b4 Kf7 35. Kf2 Kf6 36. Nb2 Ne7 37. a4 Nxf3 38. gxf3 Nd5 39. b5 g5 40. a5 Nc3 41. bxc6 bxc6 42. Kf1 Re3 43. Nd1 Rxf3+ 44. Kg2 Ke5 0-1


[Site "https://www.chess.com"]

[Event "Titled Tuesday Blitz June 22 2021"]
[White "Dang, Hoang Son"]
[Black "Lavrik, Dmitry"]
[WhiteFideId "12402435"]
[BlackFideId "24113190"]
[WhiteElo "2248"]
[BlackElo "2369"]
[Result "1-0"]
[Round "03"]
[TimeControl "180+1"]
[Date "2021.06.22"]
[WhiteClock "0:01:53"]
[BlackClock "0:00:24"]

1. d4 d6 2. Nc3 g6 3. e4 Bg7 4. h4 Nf6 5. Be2 c5 6. dxc5 Qa5 7. Bd2 Qxc5 8. Be3 Qb4 9. Qd4 Nc6 10. Qxb4 Nxb4 11. O-O-O Be6 12. a3 Nc6 13. f3 O-O 14. Nh3 a6 15. Nf4 b5 16. h5 b4 17. axb4 Nxb4 18. Nxe6 fxe6 19. hxg6 hxg6 20. Bc4 Kf7 21. g4 Rfc8 22. Bb3 a5 23. Kb1 Nd7 24. f4 Bxc3 25. f5 Nf8 26. bxc3 a4 27. Bxe6+ Nxe6 28. fxe6+ Kxe6 29. cxb4 Rab8 30. Rd4 1-0


[Site "https://www.chess.com"]

[Event "Titled Tuesday Blitz June 22 2021"]
[White "Deepan Chakkravarthy J."]
[Black "Hansen, Eric"]
[WhiteFideId "5011132"]
[BlackFideId "2606771"]
[WhiteElo "2490"]
[BlackElo "2568"]
[Result "0-1"]
[Round "03"]
[TimeControl "180+1"]
[Date "2021.06.22"]
[WhiteClock "0:00:16"]
[BlackClock "0:00:09"]

1. e4 c5 2. Nf3 e6 3. d4 cxd4 4. Nxd4 a6 5. c4 Nf6 6. Nc3 Qc7 7. Bd3 Nc6 8. Nde2 Ne5 9. b3 Nxd3+ 10. Qxd3 b6 11. O-O Bb7 12. h3 Be7 13. Be3 O-O 14. Rfd1 Rfd8 15. Rac1 Ba3 16. Rc2 Rac8 17. Bf4 Qc6 18. Nd4 Qc5 19. e5 Ne8 20. Na4 Qc7 21. Qg3 Be7 22. Rcd2 Bc6 23. Nc3 Ba8 24. Nc2 b5 25. Ne3 Bb4 26. Rc2 Qa5 27. Rdc1 d5 28. exd6 Nxd6 29. Be5 Ne8 30. cxb5 axb5 31. Ng4 Kh8 32. Ne2 Rxc2 33. Rxc2 f6 34. Bc7 Nxc7 35. Rxc7 Bd6 36. Qc3 Qxc7 0-1


[Site "https://www.chess.com"]

[Event "Titled Tuesday Blitz June 22 2021"]
[White "Donchenko, Alexander"]
[Black "Solon, Nathan"]
[WhiteFideId "24603295"]
[BlackFideId "2017229"]
[WhiteElo "2553"]
[BlackElo "2621"]
[Result "1-0"]
[Round "03"]
[TimeControl "180+1"]
[Date "2021.06.22"]
[WhiteClock "0:01:48"]
[BlackClock "0:00:22"]

1. Nf3 Nf6 2. g3 g6 3. Bg2 Bg7 4. O-O O-O 5. d4 d6 6. b3 e5 7. dxe5 Ng4 8. Bb2 Nc6 9. Qc1 Ngxe5 10. Nxe5 Nxe5 11. c4 c6 12. Nc3 Be6 13. Rd1 Qe7 14. Ba3 Rad8 15. Ne4 c5 16. Bb2 Rfe8 17. Nc3 f5 18. Qd2 Qf7 19. Nd5 Rf8 20. Nf4 Kh8 21. Nxe6 Qxe6 22. Bxb7 f4 23. Bg2 Ng4 24. Bxg7+ Kxg7 25. gxf4 Qf6 26. e3 Nh6 27. Rac1 Nf5 28. Qc3 Nh4 29. Qxf6+ Kxf6 30. Rd3 Ke7 31. Rcd1 Rg8 32. Bd5 Rg7 33. Kf1 g5 34. fxg5 Rxg5 35. Ke2 Ng6 36. Be4 Ne5 37. f4 Nxd3 38. fxg5 Ne5 39. Bxh7 Rh8 40. g6 1-0


[Site "https://www.chess.com"]

[Event "Titled Tuesday Blitz June 22 2021"]
[White "Firat, Burak"]
[Black "Sjugirov, Sanan"]
[WhiteFideId "6305881"]
[BlackFideId "4189302"]
[WhiteElo "2531"]
[BlackElo "2472"]
[Result "0-1"]
[Round "03"]
[TimeControl "180+1"]
[Date "2021.06.22"]
[WhiteClock "0:00:01"]
[BlackClock "0:00:21"]

1. e4 c5 2. Nf3 d6 3. d4 cxd4 4. Nxd4 Nf6 5. Nc3 a6 6. h4 Nc6 7. Nxc6 bxc6 8. h5 h6 9. Qd3 e6 10. Bd2 d5 11. O-O-O Rb8 12. Qg3 Qb6 13. Na4 Nxe4 14. Qe5 Qb7 15. Bxa6 Qxa6 16. Qxb8 Bd6 17. Qb3 Nxf2 18. Bb4 Bxb4 19. Qxb4 Nxh1 20. Rxh1 Qb5 21. Qa3 e5 22. Kb1 f6 23. Nc5 O-O 24. Re1 Bf5 25. Qa7 Qc4 26. Rc1 Qg4 27. Qc7 Rc8 28. Qb7 Qxh5 29. a4 Qe2 30. Qe7 Kh7 31. Ne6 Bxe6 32. Qxe6 Qa6 33. Qf5+ Kh8 34. g4 Ra8 35. b3 c5 36. g5 fxg5 37. Qxe5 Qc6 38. Re1 c4 39. Kb2 Rc8 40. Qc3 Qd6 41. Rd1 g4 42. bxc4 Qb6+ 43. Qb3 Qf6+ 0-1


[Site "https://www.chess.com"]

[Event "Titled Tuesday Blitz June 22 2021"]
[White "Gritsenko, Nikolai"]
[Black "Demchenko, Anton"]
[WhiteFideId "14112493"]
[BlackFideId "4160258"]
[WhiteElo "2389"]
[BlackElo "2593"]
[Result "0-1"]
[Round "03"]
[TimeControl "180+1"]
[Date "2021.06.22"]
[WhiteClock "0:00:11"]
[BlackClock "0:00:10"]

1. b3 e5 2. Bb2 Nc6 3. c4 Nf6 4. e3 d5 5. cxd5 Nxd5 6. a3 Be6 7. d3 Qd7 8. Nf3 f6 9. Be2 O-O-O 10. Qc2 g5 11. Nc3 g4 12. Nd2 h5 13. b4 h4 14. Nc4 Kb8 15. O-O-O Nce7 16. Ne4 Nc8 17. Kb1 Ncb6 18. Nc5 Bxc5 19. bxc5 Na4 20. Ka1 Nxb2 21. Qxb2 Qa4 22. Rb1 Bc8 23. Bxg4 b6 24. Bxc8 Kxc8 25. Rhc1 b5 26. Nd2 a6 27. c6 Nb6 28. Rc3 Qg4 29. Qc2 Qxg2 30. Ne4 Na4 31. Rcb3 f5 32. Nf6 Rd6 33. d4 Rxf6 34. dxe5 Qxc6 35. Qe2 Re6 36. f4 Rd8 37. e4 Qxe4 38. Qxe4 fxe4 39. Re3 Rd4 40. Rf1 Nb6 41. f5 Rxe5 42. f6 Re8 43. Rf5 Nd7 44. f7 Rf8 45. Re2 c5 46. Rg2 Kd8 47. Kb2 e3 48. Re2 Rd2+ 49. Rxd2 exd2 50. Rd5 Ke7 51. Rxd2 Rxf7 52. Re2+ Kd6 53. Rd2+ Kc6 0-1


[Site "https://www.chess.com"]

[Event "Titled Tuesday Blitz June 22 2021"]
[White "Howell, David W L"]
[Black "Moroni, Luca Jr"]
[WhiteFideId "410608"]
[BlackFideId "865834"]
[WhiteElo "2643"]
[BlackElo "2491"]
[Result "1-0"]
[Round "03"]
[TimeControl "180+1"]
[Date "2021.06.22"]
[WhiteClock "0:01:17"]
[BlackClock "0:00:14"]

1. e4 e5 2. Nc3 d6 3. f4 g6 4. fxe5 dxe5 5. Nf3 Bg7 6. Bc4 c6 7. O-O Qe7 8. d3 Nd7 9. Ng5 f6 10. Nf7 b5 11. Bb3 Nc5 12. Nxh8 Nxb3 13. axb3 Bxh8 14. Be3 Be6 15. Qf3 a5 16. Kh1 h5 17. Qg3 Bf7 18. d4 Kf8 19. dxe5 Qxe5 20. Qxe5 fxe5 21. Bb6 b4 22. Nb1 Nf6 23. Nd2 Kg8 24. Rxa5 Rb8 25. Be3 Bg7 26. h3 Rd8 27. Rfa1 Kh7 28. Ra8 Rd6 29. R1a7 Be6 30. Re7 h4 31. Raa7 Nh5 32. Kh2 g5 33. Nf3 Kg6 34. Bc5 Rd1 35. Rxe6+ Kh7 36. Nxg5+ 1-0


[Site "https://www.chess.com"]

[Event "Titled Tuesday Blitz June 22 2021"]
[White "Ibrahimli, Murad"]
[Black "Weetik, Vjacheslav"]
[WhiteFideId "13410229"]
[BlackFideId "4153472"]
[WhiteElo "2109"]
[BlackElo "2469"]
[Result "1-0"]
[Round "03"]
[TimeControl "180+1"]
[Date "2021.06.22"]
[WhiteClock "0:00:39"]
[BlackClock "0:00:01"]

1. e4 c6 2. d3 d5 3. Nd2 Nf6 4. Ngf3 Bg4 5. h3 Bh5 6. e5 Nfd7 7. e6 fxe6 8. Qe2 e5 9. g4 Bg6 10. h4 e6 11. h5 Bf7 12. Nb3 Bd6 13. h6 g6 14. Bd2 a5 15. a4 O-O 16. Bc3 Qc7 17. Ng5 Na6 18. Bxa5 Bb4+ 19. Bxb4 Nxb4 20. c3 Na6 21. Bg2 Qd8 22. Qe3 Qf6 23. O-O b6 24. Rae1 Nc7 25. d4 Rxa4 26. dxe5 Qf4 27. Qxf4 Rxf4 28. f3 c5 29. Nh3 Ra4 30. f4 Ra2 31. Rf2 Re8 32. Ng5 b5 33. Rfe2 Re7 34. f5 exf5 35. gxf5 gxf5 36. e6 Nxe6 37. Nxe6 Bxe6 38. Rxe6 Rxe6 39. Rxe6 Rxb2 40. Bxd5 Kf8 41. Na5 f4 42. Bc6 Nb8 43. Re8+ 1-0


[Site "https://www.chess.com"]